 Dungeon Crawl Stone Soup version 0.22.1-1-ga44c0e5 (webtiles) character file.

55752 dvd the Carver (level 14, -1/111 HPs)
             Began as a Demonspawn Fighter on Oct 11, 2018.
             Was the Champion of Cheibriados.
             Slain by a naga warrior
             ... wielding a +0 glaive
              (21 damage)
             ... on level 1 of the Snake Pit.
             The game lasted 01:08:52 (23623 turns).

dvd the Carver (Demonspawn Fighter)                Turns: 23623, Time: 01:08:54

Health: -1/111     AC: 11    Str: 32    XL:     14   Next: 39%
Magic:  0/28       EV: 20    Int: 26    God:    Cheibriados [******]
Gold:   1277       SH: 16    Dex: 40    Spells: 5/20 levels left

rFire    . . .     SeeInvis .   a - +9 scimitar
rCold    + . .     Gourm    .   c - +0 shield
rNeg     . . .     Faith    .   d - +0 ring mail {rPois}
rPois    +         Spirit   +   (no helmet)
rElec    +         Reflect  .   o - scarf {repulsion}
rCorr    .         Harm     .   z - +0 pair of gloves
MR       ++...                  v - +2 pair of boots
Stlth    ++++++....             N - amulet "Gutun" {Acrobat rElec MR+}
HPRegen  0.28/turn              i - ring of magical power
MPRegen  0.42/turn              O - ring of wizardry

@: agile, constricted, repel missiles, very slow
A: claws 2, thin skeletal structure 2, cold resistance 1, powered by pain 1,
magic shield, magic regeneration
a: Bend Time, Temporal Distortion, Slouch, Step From Time, Renounce Religion


You were on level 1 of the Snake Pit.
You worshipped Cheibriados.
Cheibriados was exalted by your worship.
You were not hungry.

You visited 4 branches of the dungeon, and saw 19 of its levels.
You also visited: Labyrinth.

You collected 1277 gold pieces.

Inventory:

Hand Weapons
 a - a +9 scimitar (weapon)
 S - a +3 scimitar of flaming
Missiles
 B - 10 silver javelins (quivered)
 Q - 8 tomahawks
Armour
 c - a +0 shield (worn)
 d - a +0 ring mail of poison resistance (worn)
 l - a scarf of cloud immunity
 o - a scarf of repulsion (worn)
 t - a +0 troll leather armour
 v - a +2 pair of boots (worn)
 x - the +1 ring mail of Beauty {rPois MR+ Str-5}
   (You found it on level 5 of the Lair of Beasts)

   It affects your strength (-5).
   It protects you from poison.
   It affects your resistance to hostile enchantments.
 z - a +0 pair of gloves (worn)
 J - a +0 leather armour of magic resistance
 T - a +2 ring mail of fire resistance
Magical Staves
 e - an uncursed staff of cold
Jewellery
 i - a ring of magical power (left hand)
 D - an uncursed ring of fire
 F - an uncursed amulet of the gourmand
 N - the amulet "Gutun" (around neck) {Acrobat rElec MR+}
   (You found it on level 4 of the Lair of Beasts)

   [amulet of the acrobat]

   It helps you evade while moving and waiting.
   It insulates you from electricity.
   It affects your resistance to hostile enchantments.
 O - a ring of wizardry (right hand)
 P - the amulet of Noplipra {RegenMP MP+9}
   (You found it in a labyrinth)

   [amulet of magic regeneration]

   It increases your magic regeneration.
   It affects your magic capacity (+9).
Wands
 k - a wand of clouds (6)
 p - a wand of scattershot (7)
 A - a wand of enslavement (24)
 E - a wand of paralysis (37)
 G - a wand of flame (41)
 H - a wand of iceblast (16)
 K - a wand of polymorph (20)
 L - a wand of digging (27)
Scrolls
 h - 9 scrolls of identify
 n - 5 scrolls of teleportation
 r - a scroll of fear
 s - 8 scrolls of remove curse
 y - a scroll of enchant armour
 C - 4 scrolls of fog
Potions
 b - a potion of cancellation
 g - 2 potions of curing
 j - 4 potions of flight
 u - 2 potions of ambrosia
 I - a potion of mutation
 M - a potion of brilliance {unknown}
 R - a potion of invisibility
Comestibles
 f - 29 rations


   Skills:
 + Level 10.5 Fighting
   Level 3.4(9.7) Short Blades
 + Level 13.6(13.8) Long Blades
 + Level 1.6 Throwing
 + Level 8.8 Armour
 + Level 6.4 Dodging
 + Level 4.4 Stealth
 + Level 10.3 Shields
 + Level 3.5 Spellcasting
 + Level 3.9 Conjurations
 + Level 1.7 Hexes
 * Level 3.0 Invocations
 + Level 1.7 Evocations


You had 5 spell levels left.
You knew the following spells:

 Your Spells              Type           Power        Failure   Level  Hunger
a - Magic Dart            Conj           ####         1%          1    None
b - Dazzling Spray        Conj/Hex       ###...       9%          3    ##.....
c - Searing Ray           Conj           ####..       2%          2    #......
d - Ensorcelled Hibernat  Hex/Ice        #.....       9%          2    #......
e - Iskenderun's Mystic   Conj           ####....     17%         4    ####...
f - Confuse               Hex            ##......     13%         3    ##.....

Your spell library contained the following spells:

 Spells                   Type           Power        Failure   Level  Hunger
 Corona                   Hex            ##.....      4%          1    None
 Freeze                   Ice            #...         9%          1    None
 Tukima's Dance           Hex            ##......     13%         3    ##.....
 Ignite Poison            Fire/Tmut/Pois #.......     26%         3    ##.....
 Fulminant Prism          Conj/Hex       ###.......   26%         4    ####...
 Force Lance              Conj/Tloc      ##......     34%         4    ####...
 Throw Icicle             Conj/Ice       ##......     34%         4    ####...
 Summon Ice Beast         Ice/Summ       #.......     61%         4    ####...
 Fireball                 Conj/Fire      ##........   69%         5    ######.
 Silence                  Hex/Air        #.........   83%         5    ######.
 Summon Mana Viper        Hex/Summ       #.......     83%         5    ######.
 Borgnjor's Vile Clutch   Necr/Erth      #.........   91%         5    ######.
 Bolt of Cold             Conj/Ice       ##........   99%         6    #######
 Bolt of Fire             Conj/Fire      ##........   99%         6    #######
 Darkness                 Hex            ##........   99%         6    #######
 Shadow Creatures         Summ           N/A          100%        6    #######
 Ring of Flames           Chrm/Fire      #.........   100%        7    #######
 Ignition                 Fire           #.........   100%        8    #######


Dungeon Overview and Level Annotations

Branches:
Dungeon (11/15)            Temple (1/1) D:4            Lair (6/6) D:11
 Shoals (0/4) Lair:4        Snake (1/4) Lair:2        Slime (0/5) Lair:5
    Orc (0/2) D:10

Altars:
Ashenzari
Cheibriados
Dithmenos
Elyvilon
Fedhas
Gozag
Hepliaklqana
Kikubaaqudgha
Makhleb
Nemelex Xobeh
Okawaru
Qazlal
Ru
Sif Muna
Trog
Uskayaw
Vehumet
Wu Jian
Xom
Yredelemnul
Zin
The Shining One

Shops:
D:5 :

Annotations:
Lair:3 exclusion: oklob plant
Lair:4 exclusion: 2 oklob plants
Lair:6 Rupert


Innate Abilities, Weirdness & Mutations

You have very sharp fingernails.
You have a moderately thin skeletal structure. (Dex +4, Stealth+)
Your flesh is cold resistant. (rC+)
You sometimes gain a little power by taking damage.
When hurt, damage is shared between your health and your magic reserves.
You regenerate magic rapidly.


Message History

* * * LOW HITPOINT WARNING * * *
The naga warrior constricts you.
You slash the naga warrior!
The naga warrior is moderately wounded.
You slash the naga warrior!
The naga warrior is heavily wounded.
The naga warrior spits poison at you. You block the splash of poison.
The naga warrior constricts you.
Unknown command.
You barely miss the naga warrior.
The naga warrior is heavily wounded.
You block the naga warrior's attack.
* * * LOW HITPOINT WARNING * * *
The naga warrior constricts you.
You slash the naga warrior!
The naga warrior is heavily wounded.
You slash the naga warrior!
The naga warrior is severely wounded.
The naga warrior hits you with a glaive!!
You die...

.......## ........##
.........###
...........##
............##
.............#
.......).....##
#...N@......#
#.....).....#
##....((....#
#..........##
##..........###
#.......(....#####
####....(###......##
..####.... ###.....#
#....###....
###...##


You could see a naga warrior.

Vanquished Creatures
  A minotaur (Lab)
  2 hydras
  Erolcha (D:10)
  3 naga warriors (Snake:1)
  3 anacondas (Snake:1)
  A two-headed ogre (D:10)
  A queen ant (D:8)
  4 death yaks (Lair:5)
  2 naga sharpshooters (Snake:1)
  A shock serpent (Snake:1)
  Sonja (Lair:6)
  2 lindwurms (Lair:6)
  3 manticores
  A cyclops (D:11)
  Maurice (D:8)
  23 elephants
  A guardian serpent (Snake:1)
  2 naga magi (Snake:1)
  6 black mambas
  12 spiny frogs
  A gargoyle (Lab)
  6 rime drakes
  6 komodo dragons
  A minotaur skeleton (Lab)
  11 hippogriffs
  5 blink frogs (Lair:2)
  5 wyverns
  9 yaks
  Sigmund (D:6)
  2 spriggans
  2 wraiths
  10 basilisks
  4 vampire mosquitoes (D:10)
  3 hungry ghosts
  A steam dragon (D:10)
  A two-headed ogre zombie (D:10)
  6 nagas (Snake:1)
  20 soldier ants
  8 porcupines
  2 hell hounds (Lair:6)
  14 water moccasins
  An orc warrior (D:5)
  2 ice beasts
  4 sky beasts
  2 black bears
  3 ogres
  2 phantoms
  14 wolves
  10 centaurs
  9 crocodiles
  15 bullfrogs
  An earth elemental (Lab)
  2 scorpions
  A water moccasin skeleton (D:9)
  3 troll zombies (D:10)
  3 killer bees (D:7)
  12 wights
  2 electric eels (Lair:2)
  A crimson imp (D:9)
  A bullfrog zombie (D:7)
  2 centaur zombies
  6 orc priests
  6 orc wizards
  2 centaur skeletons
  4 hounds
  A jelly (D:6)
  2 bullfrog skeletons
  3 iguanas
  Natasha (thrice) (D:3)
  24 worker ants
  4 ogre zombies (D:10)
  A hound zombie (D:5)
  2 worker ant zombies
  3 gnolls (D:4)
  19 adders
  A river rat (Lair:1)
  6 oozes
  An adder skeleton (D:9)
  3 worms
  4 dart slugs
  4 leopard geckos
  48 orcs
  A ball python (D:3)
  2 bat zombies (D:3)
  10 giant cockroaches
  13 goblins
  6 hobgoblins
  13 jackals
  2 quokkas
  5 bats
  9 frilled lizards
  A goblin skeleton (D:10)
  2 hobgoblin skeletons (D:10)
  2 hobgoblin zombies (D:10)
  5 kobolds
  A leopard gecko skeleton (D:5)
  7 orc skeletons (D:10)
  12 orc zombies (D:10)
  A quokka skeleton (D:6)
  A quokka zombie (D:5)
  5 rats
  2 rat zombies (D:3)
526 creatures vanquished.

Vanquished Creatures (collateral kills)
  2 kobold demonologists (D:11)
  A black bear (D:11)
  An ice beast (D:11)
  A big kobold (D:11)
  A crocodile (D:11)
  A worker ant (D:11)
  A kobold (D:11)
8 creatures vanquished.

Vanquished Creatures (others)
  A black bear (D:11)
  A human (D:3)
  A kobold (D:11)
  2 bushes
  23 fungi
  22 plants
50 creatures vanquished.

Grand Total: 584 creatures vanquished

Notes
Turn   | Place    | Note
-------+----------+-------------------------------------------
     0 | D:1      | dvd the Demonspawn Fighter began the quest for the Orb.
     0 | D:1      | Reached XP level 1. HP: 18/18 MP: 1/1
   357 | D:1      | Gained mutation: You have sharp fingernails. [demonic
                  | ancestry]
   357 | D:1      | Reached XP level 2. HP: 24/24 MP: 2/2
   629 | D:1      | Reached skill level 2 in Long Blades
  1369 | D:2      | Reached XP level 3. HP: 29/29 MP: 3/3
  2168 | D:2      | Gained mutation: When hurt, damage is shared between your
                  | health and your magic reserves. [demonic ancestry]
  2168 | D:2      | Reached XP level 4. HP: 19/37 MP: 4/4
  3238 | D:3      | Found an ancient bone altar of Kikubaaqudgha.
  3313 | D:3      | Noticed a human
  3314 | D:3      | Killed a human
  3370 | D:3      | Reached skill level 1 in Dodging
  3370 | D:3      | Gained mutation: You have very sharp fingernails. [demonic
                  | ancestry]
  3370 | D:3      | Reached XP level 5. HP: 38/42 MP: 5/5
  3391 | D:3      | Reached skill level 3 in Long Blades
  3728 | D:3      | Found an ancient bone altar of Kikubaaqudgha.
  3801 | D:3      | Noticed Natasha
  3805 | D:3      | Killed Natasha
  3814 | D:3      | Noticed Natasha
  3818 | D:3      | Killed Natasha
  3827 | D:3      | Noticed Natasha
  3834 | D:3      | Killed Natasha
  3834 | D:3      | Gained mutation: You have a somewhat thin skeletal
                  | structure. (Dex +2, Stealth) [demonic ancestry]
  3834 | D:3      | Reached XP level 6. HP: 34/48 MP: 6/6
  4129 | D:4      | Reached skill level 1 in Short Blades
  4763 | D:4      | Found a basalt altar of Yredelemnul.
  4795 | D:4      | Gained mutation: You have a moderately thin skeletal
                  | structure. (Dex +4, Stealth+) [demonic ancestry]
  4795 | D:4      | Reached XP level 7. HP: 48/54 MP: 7/7
  4839 | D:4      | Found a staircase to the Ecumenical Temple.
  4854 | Temple   | Entered the Ecumenical Temple
  5324 | D:4      | Found a shimmering altar of Xom.
  5453 | D:5      | Entered Level 5 of the Dungeon
  5458 | D:5      | Found Xewn's Book Boutique.
  6500 | D:5      | Reached skill level 5 in Armour
  6735 | D:5      | Reached XP level 8. HP: 40/60 MP: 8/8
  6842 | D:6      | Noticed Sigmund
  6865 | D:6      | Killed Sigmund
  6865 | D:6      | Reached skill level 4 in Long Blades
  6866 | D:6      | Reached skill level 5 in Shields
  7275 | D:6      | Found a shadowy altar of Dithmenos.
  7328 | D:6      | Found a white marble altar of Elyvilon.
  7361 | D:6      | Found an iron altar of Okawaru.
  7675 | D:6      | Reached skill level 5 in Long Blades
  7783 | D:6      | Found a stormy altar of Qazlal.
  8082 | D:7      | Reached skill level 5 in Fighting
  8380 | D:7      | Reached XP level 9. HP: 66/68 MP: 9/9
  8442 | D:7      | Found a snail-covered altar of Cheibriados.
  8457 | D:7      | Became a worshipper of Cheibriados the Contemplative
  8545 | D:7      | Reached skill level 6 in Long Blades
  9466 | D:7      | Reached skill level 7 in Long Blades
  9790 | D:7      | Reached * piety under Cheibriados
  9960 | D:8      | Noticed a queen ant
 10327 | D:8      | Killed a queen ant
 10327 | D:8      | Reached skill level 1 in Stealth
 10327 | D:8      | Reached XP level 10. HP: 15/76 MP: 3/10
 10850 | D:8      | Reached skill level 8 in Long Blades
 11172 | D:8      | Reached ** piety under Cheibriados
 11491 | D:8      | Noticed Maurice
 11527 | D:8      | Killed Maurice
 11707 | D:8      | Reached skill level 9 in Long Blades
 11743 | D:8      | Found a burning altar of Makhleb.
 11745 | D:8      | Found a blossoming altar of Fedhas.
 11933 | D:8      | Found a glowing silver altar of Zin.
 12479 | D:9      | Reached *** piety under Cheibriados
 12914 | D:9      | Found an ornate altar of the Wu Jian Council.
 13342 | D:10     | Entered Level 10 of the Dungeon
 13478 | D:10     | Gained mutation: You sometimes gain a little power by
                  | taking damage. [demonic ancestry]
 13478 | D:10     | Reached XP level 11. HP: 81/84 MP: 11/11
 13687 | D:10     | Reached **** piety under Cheibriados
 13730 | D:10     | Found a staircase to the Orcish Mines.
 13754 | D:10     | Reached skill level 10 in Long Blades
 13931 | D:10     | Noticed Erolcha
 13947 | D:10     | Killed Erolcha
 14171 | D:10     | Found a stormy altar of Qazlal.
 14211 | D:10     | Noticed a two-headed ogre
 14216 | D:10     | Killed a two-headed ogre
 14305 | D:11     | Reached ***** piety under Cheibriados
 14920 | D:11     | Noticed a sixfirhy
 15071 | D:11     | Reached skill level 11 in Long Blades
 15112 | D:11     | Found a staircase to the Lair.
 15286 | D:11     | Reached skill level 1 in Throwing
 15297 | D:11     | Found a blossoming altar of Fedhas.
 15539 | Lair:1   | Entered Level 1 of the Lair of Beasts
 15686 | Lair:1   | Reached skill level 1 in Evocations
 15745 | Lair:1   | Reached skill level 1 in Invocations
 15978 | Lair:1   | Reached XP level 12. HP: 69/94 MP: 12/12
 16365 | Lair:2   | Found a staircase to the Snake Pit.
 16453 | Lair:2   | Learned a level 1 spell: Magic Dart
 16487 | Lair:2   | Reached ****** piety under Cheibriados
 16721 | Lair:2   | Reached skill level 1 in Conjurations
 16748 | Lair:2   | Reached skill level 1 in Spellcasting
 17447 | Lair:3   | Learned a level 3 spell: Dazzling Spray
 17831 | Lair:3   | Found a blossoming altar of Fedhas.
 18196 | Lair:4   | Found a labyrinth entrance.
 18205 | Lab      | Entered a labyrinth
 18387 | Lab      | Reached skill level 12 in Long Blades
 18832 | Lab      | Noticed a minotaur
 18844 | Lab      | Killed a minotaur
 18852 | Lab      | Identified Lezik's Tome of Creative Cold
 18853 | Lab      | Got a heavily runed emerald amulet
 18856 | Lab      | Identified the amulet of Noplipra {RegenMP MP+9} (You found
                  | it in a labyrinth)
 19178 | Lair:4   | Got a heavily runed graven amulet
 19179 | Lair:4   | Identified the amulet "Gutun" {Acrobat rElec MR+} (You
                  | found it on level 4 of the Lair of Beasts)
 19304 | Lair:4   | Noticed an eight-headed hydra
 19325 | Lair:4   | Killed a three-headed hydra
 19325 | Lair:4   | Gained mutation: You regenerate magic rapidly. [demonic
                  | ancestry]
 19325 | Lair:4   | Reached XP level 13. HP: 87/101 MP: 11/16
 19378 | Lair:4   | Found a staircase to the Shoals.
 19389 | Lair:4   | Reached skill level 5 in Dodging
 20114 | Lair:5   | Learned a level 2 spell: Searing Ray
 20199 | Lair:5   | You fall through a shaft!
 20199 | Lair:6   | Entered Level 6 of the Lair of Beasts
 20361 | Lair:6   | Noticed Sonja
 20368 | Lair:6   | Killed Sonja
 20670 | Lair:5   | Got a polished ring mail
 20683 | Lair:5   | Identified the +1 ring mail of Beauty {rPois MR+ Str-5}
                  | (You found it on level 5 of the Lair of Beasts)
 21280 | Lair:5   | Found a staircase to the Slime Pits.
 21436 | Lair:6   | Reached skill level 13 in Long Blades
 21683 | Lair:6   | Reached skill level 10 in Fighting
 21733 | Lair:6   | Learned a level 2 spell: Ensorcelled Hibernation
 21740 | Lair:6   | Learned a level 4 spell: Iskenderun's Mystic Blast
 21882 | Lair:6   | Reached skill level 10 in Shields
 21935 | Lair:6   | Gained mutation: Your flesh is cold resistant. (rC+)
                  | [demonic ancestry]
 21935 | Lair:6   | Reached XP level 14. HP: 45/110 MP: 14/18
 22440 | Lair:6   | Learned a level 3 spell: Confuse
 22535 | Lair:6   | Reached skill level 1 in Hexes
 22573 | Lair:6   | Noticed Rupert
 22741 | Snake:1  | Entered Level 1 of the Snake Pit
 23614 | Snake:1  | HP: 3/111 [naga warrior/glaive (3)]
 23615 | Snake:1  | HP: 1/111 [naga warrior/glaive (3)]
 23623 | Snake:1  | Slain by a naga warrior

Skill      XL: |  1  2  3  4  5  6  7  8  9 10 11 12 13 14 |
---------------+-------------------------------------------+-----
Long Blades    | 2 3 5 7 9 11 12 13 | 13.6
Shields        | 3 4 5 6 8 10 | 10.3
Armour         | 3 4 5 6 7 8 |  8.8
Dodging        | 1 2 3 4 6 |  6.4
Short Blades   | 1 3 |  3.4
Fighting       | 4 5 6 7 8 9 10 | 10.5
Stealth        | 1 2 3 4 |  4.4
Throwing       | 1 |  1.6
Evocations     | 1 |  1.7
Invocations    | 1 3 |  3.0
Conjurations   | 3 |  3.9
Spellcasting   | 2 3 |  3.5
Hexes          | 1 |  1.7

Action                   |  1- 3 |  4- 6 |  7- 9 | 10-12 | 13-15 || total
-------------------------+-------+-------+-------+-------+-------++-------
Melee: Long sword        |   130 |    68 |       |       |       ||   198
       Dagger            |       |   160 |   128 |       |       ||   288
       Scimitar          |       |       |   304 |   778 |   502 ||  1584
Throw: Javelin           |       |       |       |     4 |    12 ||    16
       Tomahawk          |       |       |       |    17 |       ||    17
 Cast: Magic Dart        |       |       |       |    46 |    60 ||   106
       Dazzling Spray    |       |       |       |     8 |    20 ||    28
       Searing Ray       |       |       |       |       |     7 ||     7
       Ensorcelled Hiber |       |       |       |       |     2 ||     2
       Iskenderun's Myst |       |       |       |       |     1 ||     1
       Confuse           |       |       |       |       |     3 ||     3
Invok: Bend Time         |       |       |     1 |     4 |     5 ||    10
Evoke: Wand              |       |       |       |    10 |     6 ||    16
  Use: Potion            |     2 |       |     7 |     2 |     5 ||    16
       Scroll            |     2 |       |       |    25 |     6 ||    33
 Stab: Sleeping          |       |       |       |    10 |     5 ||    15
       Invisible         |       |       |       |     3 |     4 ||     7
       Paralysed         |       |       |       |       |     2 ||     2
       Distracted        |       |       |       |       |     1 ||     1
  Eat: Chunk             |     3 |    10 |    26 |    25 |     9 ||    73
       Ration            |       |       |       |       |     1 ||     1
Armor: Scale mail        |    47 |    74 |    50 |       |       ||   171
       Robe              |     1 |       |       |       |       ||     1
       Chain mail        |       |       |   132 |    80 |       ||   212
       Ring mail         |       |       |       |   120 |   108 ||   228
Dodge: Dodged            |    34 |    36 |    97 |   287 |   294 ||   748
       Deflected         |     1 |     1 |     1 |    21 |    15 ||    39
Block: Shield            |    58 |   103 |   217 |   496 |   395 ||  1269
       Rpst.: Long sword |    16 |     6 |       |       |       ||    22
       Scimitar          |       |       |    17 |    87 |    51 ||   155
